 Dungeon Crawl Stone Soup version 0.15.1-2-g8fbdab7 (webtiles) character file.

109 Kae the Firebug (level 4, 0/36 HPs)
             Began as a Tengu Fire Elementalist on Oct 2, 2014.
             Succumbed to an adder's poison
             ... on Level 2 of the Dungeon.
             The game lasted 00:02:21 (1846 turns).

Kae the Firebug (Tengu Fire Elementalist)           Turns: 1846, Time: 00:02:22

HP   0/36        AC 22     Str  9      XL: 4   Next: 89%
MP   0/9         EV  2     Int 16      God:
Gold 31          SH  0     Dex 14      Spells:  3 memorised,  2 levels left

rFire  . . .     SeeInvis .     e - +0 spear
rCold  . . .     Clarity  .     a - melded +0 robe
rNeg   + + +     rCorr    .     (no shield)
rPois  +         rRot     .     (helmet restricted)
rElec  .         Spirit   .     (cloak currently unavailable)
SustAb .         Warding  .     (gloves currently unavailable)
rMut   .         NoTele   +     (boots unavailable)
Gourm  .                        (no amulet)
MR     .....                    (no ring)
                                (no ring)

@: lethally poisoned, tree-form, not resistant to hostile enchantments,
unstealthy
A: (beak), (talons 0)
a: no special abilities


You were on level 2 of the Dungeon.
You were hungry.
You were an animated tree.
You visited 1 branch of the dungeon, and saw 2 of its levels.

You collected 31 gold pieces.

Inventory:

Hand weapons
 e - a +0 spear (weapon)
Armour
 a - a +0 robe (melded)
Comestibles
 c - a bread ration
 i - a rotting chunk of adder flesh
Scrolls
 d - a scroll of remove curse {unknown}
 f - a scroll of teleportation {unknown}
 h - a scroll of recharging {unknown}
 j - 2 scrolls of fear {unknown}
 k - 2 scrolls of identify {unknown}
Books
 b - a book of Flames

   Spells                             Type                      Level
   *Flame Tongue                      Conjuration/Fire             1
   *Throw Flame                       Conjuration/Fire             2
   *Conjure Flame                     Conjuration/Fire             3
   Inner Flame                        Hexes/Fire                   3
   Sticky Flame                       Conjuration/Fire             4
   Fireball                           Conjuration/Fire             5


   Skills:
 - Level 2.1 Dodging
 - Level 2.0 Stealth
 + Level 2.7 Spellcasting
 * Level 3.4 Conjurations
 * Level 4.6 Fire Magic


You had 2 spell levels left.
You knew the following spells:

 Your Spells              Type           Power        Failure   Level  Hunger
a - Flame Tongue          Conj/Fire      ###..        4%          1    #......
b - Throw Flame           Conj/Fire      ###...       8%          2    ##.....
c - Conjure Flame         Conj/Fire      ###.....     12%         3    ###....


Dungeon Overview and Level Annotations

Branches:
Dungeon (2/15)

Altars:


Innate Abilities, Weirdness & Mutations

((You have a beak for a mouth.))
((You have claws for feet.))


Message History

You don't have enough magic to cast that spell.
Casting: Flame Tongue
Confirm with . or Enter, or press ? or * to list all spells.
You don't have enough magic to cast that spell.
Drink which item? (? for menu, Esc to quit)
You turn into an animated tree.
Your +0 robe melds into your body.
Your roots penetrate the ground.
It was a potion of lignification.
The adder bites you but does no damage.
You closely miss the adder.
The adder is severely wounded.
* * * LOW HITPOINT WARNING * * *
You feel sick. The adder bites you but does no damage.
The adder bites you but does no damage.
You closely miss the adder.
The adder is severely wounded.
* * * LOW HITPOINT WARNING * * *
You feel sick. The adder bites you but does no damage.
You hit the adder but do no damage.
The adder is severely wounded.
You die...

. .# .#
###..##########.##
.......S♣......>...
###.#.####.####.##
##.####.#
##.......#
........###..#
....#..##...#
###<#......(#######
. #.............# .
#.......#######


You could see an adder.

Vanquished Creatures
  A gnoll (D:1)
  5 adders (D:2)
  2 giant geckos (D:1)
  3 oozes (D:1)
  2 bats (D:1)
  4 hobgoblins
  10 jackals
  5 kobolds
  4 giant cockroaches
  3 giant newts (D:1)
  8 goblins
  5 rats
52 creatures vanquished.

Notes
Turn   | Place    | Note
--------------------------------------------------------------
     0 | D:1      | Kae, the Tengu Fire Elementalist, began the quest for the Orb.
     0 | D:1      | Reached XP level 1. HP: 10/10 MP: 3/3
   160 | D:1      | Reached XP level 2. HP: 7/15 MP: 1/5
   414 | D:1      | Reached XP level 3. HP: 19/19 MP: 3/7
  1292 | D:1      | Reached skill level 4 in Fire Magic
  1515 | D:2      | Learned a level 2 spell: Throw Flame
  1519 | D:2      | Learned a level 3 spell: Conjure Flame
  1580 | D:2      | Reached XP level 4. HP: 20/24 MP: 2/9
  1845 | D:2      | HP: 1/36 [poisoned by an adder]
  1846 | D:2      | Succumbed to an adder's poison

Action                   |  1- 3 |  4- 6 || total
-------------------------+-------+-------++-------
Melee: Unarmed           |    23 |       ||    23
       Spear             |    92 |    23 ||   115
 Cast: Flame Tongue      |    20 |    14 ||    34
  Use: Potion            |       |     1 ||     1
 Stab: Sleeping          |     5 |       ||     5
  Eat: Chunk             |     3 |       ||     3
